 Dungeon Crawl Stone Soup version 0.30.1-11-g7821555f0a (webtiles) character file.

Game seed: 1885724057560197895

7269 Peloso the Carver (level 10, -16/88 HPs)
             Began as a Minotaur Fighter on Dec 23, 2023.
             Was a Priest of Okawaru.
             Demolished by a red ugly thing (22 damage)
             ... on level 9 of the Dungeon.
             The game lasted 00:16:52 (8971 turns).

Peloso the Carver (Minotaur Fighter)                Turns: 8971, Time: 00:16:53

Health: -16/88     AC: 17    Str: 21    XL:     10   Next: 89%
Magic:  9/9        EV:  8    Int:  5    God:    Okawaru [***...]
Gold:   426        SH:  6    Dex: 14    Spells: 9/9 levels left

rFire   . . .        a - +1 long sword (heavy)
rCold   . . .        d - +0 buckler
rNeg    + . .        I - +0 plate armour
rPois   .            (helmet restricted)
rElec   .            g - +0 cloak
rCorr   .            C - +0 pair of gloves
SInv    .            (no boots)
Will    .....        (no amulet) Stlth
                     B - ring of Pafavixyec {Fly rN+ Slay+4}
HPRegen 0.34/turn    (no ring)
MPRegen 0.11/turn

%: no passive effects
@: flying
A: horns 2, retaliatory headbutt
a: Renounce Religion, Heroism


You were on level 9 of the Dungeon.
You worshipped Okawaru.
Okawaru was most pleased with you.
You visited 2 branches of the dungeon, and saw 10 of its levels.
You also visited: Ossuary.

You collected 446 gold pieces.
You spent 20 gold pieces at shops.

Inventory:

Hand Weapons
 a - a +1 heavy long sword (weapon)
 b - a +0 whip of flaming
 c - a +3 scimitar
Missiles
 J - a throwing net (quivered)
Armour
 d - a +0 buckler (worn)
 g - a +0 cloak (worn)
 C - a +0 pair of gloves (worn)
 G - a +0 chain mail
 I - a +0 plate armour (worn)
Jewellery
 f - a ring of fire
 B - the ring of Pafavixyec (left hand) {Fly rN+ Slay+4}
   (You found it on level 6 of the Dungeon)

   [ring of slaying]

   Slay:      It affects your accuracy & damage with ranged weapons and melee
   (+4).
   rN:        It protects you from negative energy.
   Fly:       It grants you flight.
Wands
 l - a wand of light (5)
 m - a wand of paralysis (1)
 x - a wand of flame (51)
 D - a wand of mindburst (3)
 E - a wand of iceblast (5)
Scrolls
 h - 2 scrolls of enchant weapon
 j - 11 scrolls of identify
 k - a scroll of blinking
 n - 2 scrolls of enchant armour
 o - 2 scrolls of fear
 u - a scroll of butterflies
 w - a scroll of magic mapping {unknown}
 y - a scroll of vulnerability {unknown}
 F - a scroll of fog {unknown}
 K - a scroll of poison
Potions
 e - a potion of heal wounds
 i - 2 potions of brilliance
 p - a potion of experience {unknown}
 q - 7 potions of curing
 r - 3 potions of invisibility
 s - a potion of resistance
 t - 2 potions of flight {unknown}
 v - 6 potions of might
 z - a potion of berserk rage {unknown}
 A - 2 potions of attraction {unknown}
 H - a potion of haste {unknown}


   Skills:
 + Level 8.2 Fighting
 + Level 12.9 Long Blades
 + Level 10.3 Armour
 + Level 4.2 Dodging
 + Level 2.0 Stealth
 + Level 8.4 Shields
 + Level 0.1 Invocations
 + Level 1.3 Evocations


You had 9 spell levels left.
You didn't know any spells.
Your spell library contained the following spells:

 Spells                   Type           Power      Damage    Failure   Level
 Ensorcelled Hibernation  Hex/Ice        0%         N/A       100%        2
 Passwall                 Tmut/Erth      0%         N/A       100%        2
 Dazzling Flash           Conj/Hex       0%         N/A       100%        3
 Hailstorm                Conj/Ice       0%         3d3       100%        3
 Inner Flame              Hex/Fire       0%         N/A       100%        3
 Swiftness                Air            0%         N/A       100%        3
 Ice Form                 Ice/Tmut       0%         N/A       100%        4
 Agony                    Necr           0%         N/A       100%        5
 Silence                  Hex/Air        0%         N/A       100%        5
 Yara's Violent Unravell  Hex/Tmut       0%         3d3       100%        5
 Enfeeble                 Hex            0%         N/A       100%        7
 Simulacrum               Ice/Necr       Unusable   N/A       N/A         6

Dungeon Overview and Level Annotations

Branches:
Dungeon (9/15)             Temple (1/1) D:6         Ossuary (visited)
   Lair: D:8-11         Orc: D:9-12

Altars:
Ashenzari
Dithmenos
Fedhas
Gozag
Hepliaklqana
Makhleb
Nemelex Xobeh
Okawaru
Qazlal
Sif Muna
Trog
Uskayaw
Vehumet
Wu Jian
Yredelemnul

Shops:
D:1 (*(   D:6 :

Annotations:
D:3 3 runed translucent doors, Peloso's ghost, amateur MiFi
D:6 2 transporters, Tamtam's ghost, novice DsFi


Innate Abilities, Weirdness & Mutations

You have a pair of horns on your head.
You reflexively headbutt those who attack you in melee.


Message History

Okawaru is honoured by your kill.
You slash the howler monkey!
The howler monkey is severely wounded.
The howler monkey hoots and howls with incredible vigour!
You slash the red ugly thing!
The red ugly thing is lightly wounded.
The red ugly thing barely misses you. You furiously retaliate!
You headbutt the red ugly thing! You barely miss the red ugly thing.
Your headbutt misses the red ugly thing.
The red ugly thing is moderately wounded.
The red ugly thing stings you but does no damage.
You slice the red ugly thing!!
The red ugly thing is severely wounded.
The red ugly thing barely misses you.
You hit the red ugly thing but do no damage.
You headbutt the red ugly thing.
The red ugly thing is severely wounded.
The red ugly thing stings you but does no damage.
You closely miss the red ugly thing.
The red ugly thing is severely wounded.
The red ugly thing stings you!
You are engulfed in flames!
You closely miss the red ugly thing. You headbutt the red ugly thing.
The red ugly thing is severely wounded.
The red ugly thing stings you but does no damage.
You hit the red ugly thing but do no damage.
You headbutt the red ugly thing.
The red ugly thing is almost dead.
The red ugly thing stings you!
You are engulfed in flames!!
* * * LOW HITPOINT WARNING * * *
You block the red ugly thing's attack.
You closely miss the red ugly thing.
The red ugly thing is almost dead.
The red ugly thing stings you but does no damage.
You slash the red ugly thing!
The red ugly thing is almost dead.
The red ugly thing stings you!
* * * LOW HITPOINT WARNING * * *
You are engulfed in flames!!
You die...

##+#.........
#....c....c..
#...###[..... #...#
#....u.
#########...#########
#...........#..≈#####
#.#.........#.#≈.....
#.#u###....##.#≈.....
#.#.@<#........≈~....
##.###########..≈.....
#............'..≈~~###
#..###########..≈###
#..# ##### #..# ##..##
#....# ######


You could see a red ugly thing.

Vanquished Creatures
  2 centaur warriors (D:9)
  A boulder beetle (D:9)
  Pikel (D:6)
  Maggie (D:7)
  Prince Ribbit (D:7)
  Sigmund (D:5)
  3 yaks (D:9)
  A wyvern (D:8)
  A vampire mosquito (D:9)
  A steam dragon (D:9)
  An acid dragon (D:9)
  A water moccasin (D:5)
  Duvessa (D:5)
  An orc warrior (D:8)
  A sky beast (D:6)
  3 ice beasts
  2 black bears
  A centaur (D:8)
  A lemure (D:6)
  3 phantoms
  2 bullfrogs
  8 scorpions
  A gnoll sergeant (D:5)
  12 wights
  Dowan (D:5)
  2 hounds
  A centaur zombie (Ossuary)
  2 jellies (D:5)
  2 orc priests (D:8)
  2 sleepcaps
  5 iguanas
  7 scorpion zombies (Ossuary)
  2 orc wizards
  Ijyb (D:5)
  3 mummies (Ossuary)
  5 gnolls
  11 adders
  3 shadow imps
  3 white imps
  3 worms
  2 dart slugs
  26 orcs
  8 ball pythons
  6 endoplasms
  5 giant cockroaches
  3 gnoll zombies (Ossuary)
  6 goblins
  11 hobgoblins
  2 jackals (D:2)
  6 kobolds
  6 quokkas
  9 bats
  6 frilled lizards
  3 goblin zombies (Ossuary)
  2 hobgoblin zombies (Ossuary)
  A kobold zombie (Ossuary)
  An orc zombie (Ossuary)
  5 rats
212 creatures vanquished.

Notes
Turn   | Place    | Note
-------+----------+-------------------------------------------
     0 | D:1      | Peloso the Minotaur Fighter began the quest for the Orb.
     0 | D:1      | Reached XP level 1. HP: 19/19 MP: 0/0
   275 | D:1      | Reached XP level 2. HP: 12/27 MP: 1/1
   427 | D:1      | Found Toconwuteo's General Store.
   433 | D:1      | Bought a scroll of identify for 20 gold pieces
   447 | D:1      | Found Acaucat's Weapon Boutique.
   633 | D:1      | Found Nuecofuz's Weapon Shoppe.
   740 | D:1      | Reached XP level 3. HP: 33/33 MP: 2/2
   871 | D:2      | Reached skill level 3 in Long Blades
  1012 | D:2      | Reached XP level 4. HP: 11/40 MP: 3/3
  1588 | D:2      | Reached skill level 4 in Long Blades
  1588 | D:2      | Reached skill level 1 in Dodging
  2334 | D:3      | Found a runed translucent gate.
  2334 | D:3      | Found a runed translucent gate.
  2335 | D:3      | Found a runed translucent gate.
  2351 | D:3      | Noticed Peloso's ghost (amateur MiFi)
  2649 | D:3      | Reached XP level 5. HP: 46/46 MP: 4/4
  2925 | D:4      | Noticed a black bear
  2929 | D:4      | Killed a black bear
  2947 | D:4      | Reached skill level 5 in Armour
  2973 | D:4      | Reached skill level 5 in Long Blades
  2973 | D:4      | Reached XP level 6. HP: 40/53 MP: 5/5
  3026 | D:4      | Found a sand-covered staircase.
  3051 | Ossuary  | Entered an ossuary
  3189 | Ossuary  | Reached skill level 6 in Long Blades
  3194 | Ossuary  | Reached XP level 7. HP: 60/60 MP: 6/6
  3293 | Ossuary  | Reached skill level 5 in Shields
  3332 | Ossuary  | Reached skill level 7 in Long Blades
  3404 | Ossuary  | Reached skill level 5 in Fighting
  4531 | D:5      | Entered Level 5 of the Dungeon
  4594 | D:5      | Reached XP level 8. HP: 50/68 MP: 7/7
  4706 | D:5      | Reached skill level 8 in Long Blades
  4723 | D:5      | Noticed Ijyb
  4734 | D:5      | Killed Ijyb
  5213 | D:5      | Found a hide-covered altar of Uskayaw.
  5229 | D:5      | Noticed Sigmund
  5240 | D:5      | Killed Sigmund
  5241 | D:5      | Reached skill level 1 in Stealth
  5438 | D:5      | Noticed Duvessa
  5438 | D:5      | Noticed Dowan
  5453 | D:5      | Killed Duvessa
  5454 | D:5      | Reached skill level 9 in Long Blades
  5462 | D:5      | Killed Dowan
  5904 | D:6      | Found a bloodstained altar of Trog.
  6129 | D:5      | Reached XP level 9. HP: 62/75 MP: 8/8
  6276 | D:6      | Found a basalt altar of Yredelemnul.
  6347 | D:6      | Noticed Tamtam's ghost (novice DsFi)
  6359 | D:6      | Found a transporter.
  6364 | D:6      | Found a transporter.
  6462 | D:6      | Found Xaw Oly's Vocational Training.
  6466 | D:6      | Identified the ring of Pafavixyec {Fly rN+ Slay+4}
  6694 | D:6      | Found a hazy altar of Hepliaklqana.
  6720 | D:6      | Found a staircase to the Ecumenical Temple.
  6865 | Temple   | Entered the Ecumenical Temple
  6942 | Temple   | Became a worshipper of Warmaster Okawaru
  6990 | D:7      | Noticed Pikel
  7008 | D:6      | Killed Pikel
  7009 | D:6      | Reached skill level 10 in Long Blades
  7270 | D:7      | Noticed Maggie
  7283 | D:7      | Killed Maggie
  7283 | D:7      | Reached * piety under Okawaru
  7367 | D:7      | Noticed Prince Ribbit
  7376 | D:7      | Killed Prince Ribbit
  7377 | D:7      | Reached skill level 11 in Long Blades
  7457 | D:7      | Reached XP level 10. HP: 66/86 MP: 9/9
  7569 | D:7      | Reached ** piety under Okawaru
  8221 | D:8      | Found a sparkling altar of Nemelex Xobeh.
  8249 | D:8      | Reached skill level 1 in Evocations
  8399 | D:8      | Found a shimmering blue altar of Sif Muna.
  8671 | D:9      | Noticed a boulder beetle
  8685 | D:9      | Killed a boulder beetle
  8685 | D:9      | Reached *** piety under Okawaru
  8686 | D:9      | Reached skill level 12 in Long Blades
  8691 | D:9      | Noticed a centaur warrior
  8703 | D:9      | Killed a centaur warrior
  8704 | D:9      | Reached skill level 10 in Armour
  8707 | D:9      | Noticed a red ugly thing
  8712 | D:9      | Noticed a centaur warrior
  8961 | D:9      | Killed a centaur warrior
  8971 | D:9      | Demolished by a red ugly thing

Illustrated notes

Levels and vault maps discovered:
D:1:      roderic_chinese_lattice_arrival, layout_basic, serial_shops, shop,
          nicolae_shop_real_fake_doors, shop, minmay_misc_feat_encased,
          minmay_crystal_water
D:2:      layout_rooms, serial_corexii_hall, corexii_hall_statues_x,
          corexii_hall_statues_s, chequers_hall_statues_corner_a,
          nrook_mini_vaults, minmay_surrounded
D:3:      layout_basic, gammafunk_ghost_necromancy, st_stairs_12,
          minmay_hedge_maze, hex_large, hangedman_glass_teeth
D:4:      layout_basic, serial_rivers, chequers_serial_rivers_micro_c,
          chequers_serial_rivers_micro_b, chequers_serial_rivers_room_b,
          chequers_serial_rivers_micro_d, chequers_serial_rivers_room_a,
          chequers_serial_rivers_small_3, lightli_ossuary_entry_decrepit_ruins
D:5:      minmay_razor_zed, layout_loops_ring,
          mainiacjoe_overflow_small_starburst, uniq_sigmund, uniq_ijyb,
          uniq_duvessa
D:6:      layout_gridville, kennysheep_mini_moat, mainiacjoe_overflow_24_doors,
          marbit_many_paths, temple_statues, gammafunk_ghost_hive,
          nicolae_shop_vocational
D:7:      layout_rooms, minmay_misc_feat_secret_circle, uniq_pikel,
          uniq_prince_ribbit1, uniq_maggie
D:8:      layout_loops_cross, nemelex_xobeh_ov_fountains_minmay,
          mainiacjoe_overflow_alcove_1, st_stairs_8, corexii_checkpoint_a
D:9:      minmay_cut_squares, layout_basic, mainiacjoe_overflow_surrounded_room,
          mainiacjoe_overflow_tiny_flanked, kennysheep_little_box,
          minmay_orc_entry_temple_small, serial_rivers,
          chequers_serial_rivers_micro_e, chequers_serial_rivers_large_b,
          chequers_serial_rivers_micro_b, chequers_serial_rivers_room_a
Temple:   nicolae_temple_bog_church

Skill      XL: |  1  2  3  4  5  6  7  8  9 10 |
---------------+-------------------------------+-----
Shields        | 4 5 6 8 |  8.4
Armour         | 4 5 7 9 10 | 10.3
Fighting       | 4 5 6 7 8 |  8.2
Long Blades    | 3 4 5 6 7 9 11 12 | 12.9
Dodging        | 1 2 3 4 |  4.2
Stealth        | 1 2 |  2.0
Evocations     | 1 |  1.3
Invocations    | |  0.1

Action                     |  1- 3 |  4- 6 |  7- 9 | 10-12 || total
---------------------------+-------+-------+-------+-------++-------
  Melee: Long sword        |    76 |   136 |   305 |    93 ||   610
         Headbutt          |    14 |    21 |    71 |    17 ||   123
 Invoke: Heroism           |       |       |       |     2 ||     2
  Evoke: Wand              |       |       |     9 |     4 ||    13
    Use: Potion            |     1 |       |     1 |     1 ||     3
         Scroll            |       |     8 |     7 |     1 ||    16
   Stab: Paralysed         |       |       |     5 |       ||     5
 Armour: Scale mail        |    56 |    74 |    56 |       ||   186
         Chain mail        |       |       |    65 |    13 ||    78
         Plate armour      |       |       |       |    35 ||    35
  Dodge: Dodged            |    53 |    69 |   124 |    29 ||   275
  Block: Buckler           |    22 |    33 |    61 |    33 ||   149
